 Dungeon Crawl Stone Soup version 0.30-a0-782-ge64f9170bb (webtiles) character file.

Game seed: 10262315350705361942

4060 DEFE the Grappler (level 10, 0/71 HPs)
             Began as a Demonspawn Wanderer on Feb 21, 2023.
             Slain by a vampire mosquito (6 damage)
             ... on level 9 of the Dungeon.
             The game lasted 00:09:17 (9449 turns).

DEFE the Grappler (Demonspawn Wanderer)             Turns: 9449, Time: 00:09:17

Health: 0/71       AC:  9    Str: 16    XL:     10   Next: 4%
Magic:  0/19       EV: 10    Int: 12    God:
Gold:   145        SH:  0    Dex: 15    Spells: 9/9 levels left

rFire   . . .      SeeInvis .      - Unarmed
rCold   . . .      Faith    .    (no shield)
rNeg    . . .      Spirit   +    u - +0 swamp dragon scales
rPois   +          Reflect  .    (helmet restricted)
rElec   .          Harm     .    (cloak unavailable)
rCorr   .          Rampage  .    (no gloves)
Will    .....                    y - +0 pair of boots
Stlth   +                        (no amulet)
HPRegen 0.31/turn                m - ring of flight
MPRegen 0.32/turn                v - ring of magical power

@: flying
A: antennae 1, magic shield, magic regeneration, magic link, weakness stinger 3,
demonic touch 1
a: no special abilities


You were on level 9 of the Dungeon.
You visited 2 branches of the dungeon, and saw 10 of its levels.

You collected 304 gold pieces.
You spent 159 gold pieces at shops.

Inventory:

Hand Weapons
 a - a +1 short sword
Armour
 b - a +2 scale mail
 q - a +0 chain mail
 r - a +2 leather armour of fire resistance
 u - +0 swamp dragon scales (worn)
 y - a +0 pair of boots (worn)
Jewellery
 m - a ring of flight (left hand)
 v - a ring of magical power (right hand)
 C - the ring "Faul" {Will- rCorr MP+9 Int+8}
   (You found it on level 7 of the Dungeon)

   [ring of magical power]

   Int:       It affects your intelligence (+8).
   MP:        It affects your magic capacity (+9).
   rCorr:     It protects you from acid and corrosion.
   Will:      It decreases your willpower.
 E - a ring of wizardry
Wands
 d - a wand of polymorph (15)
 s - a wand of digging (7)
 I - a wand of paralysis (10)
 K - a wand of roots (1)
Scrolls
 c - a scroll of identify
 g - 2 scrolls of amnesia
 h - a scroll of vulnerability
 i - 3 scrolls of fear
 j - a scroll of silence
 k - 4 scrolls of blinking
 l - a scroll of butterflies
 p - 6 scrolls of teleportation
 t - 2 scrolls of magic mapping
 x - 4 scrolls of enchant weapon
 B - a scroll of fog
Potions
 e - 4 potions of degeneration
 f - 3 potions of curing
 n - a potion of attraction
 o - a potion of brilliance
 w - a potion of might {unknown}
 A - a potion of mutation {unknown}
 D - a potion of flight {unknown}
 F - a potion of magic {unknown}
 H - a potion of invisibility {unknown}
 J - a potion of haste {unknown}


   Skills:
 - Level 4.0 Fighting
 - Level 4.4 Short Blades
 + Level 4.3 Armour
 - Level 1.0 Dodging
 + Level 11.8 Unarmed Combat
 + Level 2.2 Evocations


You had 9 spell levels left.
You didn't know any spells.
Your spell library contained the following spells:

 Spells                   Type           Power      Damage    Failure   Level
 Beastly Appendage        Tmut           0%         N/A       52%         1
 Foxfire                  Conj/Fire      0%         2x1d4     52%         1
 Magic Dart               Conj           0%         1d3       52%         1
 Necrotise                Necr           0%         1d4       52%         1
 Blink                    Tloc           0%         N/A       65%         2
 Call Imp                 Summ           0%         N/A       65%         2
 Wereblood                Tmut           0%         N/A       65%         2
 Ignite Poison            Fire/Tmut/Pois 0%         N/A       87%         3
 Kindle Blastsparks       Fire/Tloc/Air  0%         2d10      87%         3
 Mephitic Cloud           Conj/Pois/Air  0%         N/A       87%         3
 Portal Projectile        Hex/Tloc       0%         N/A       87%         3
 Spider Form              Tmut/Pois      0%         N/A       87%         3
 Tukima's Dance           Hex            0%         N/A       87%         3
 Vampiric Draining        Necr           0%         2d6       87%         3
 Animate Dead             Necr           0%         N/A       99%         4
 Manifold Assault         Tloc           0%         N/A       99%         4
 Agony                    Necr           0%         N/A       100%        5
 Blade Hands              Tmut           0%         N/A       100%        5
 Borgnjor's Vile Clutch   Necr/Erth      0%         N/A       100%        5
 Fireball                 Conj/Fire      0%         3d3       100%        5
 Freezing Cloud           Conj/Ice/Air   0%         6-21      100%        5
 Death Channel            Necr           0%         N/A       100%        6
 Starburst                Conj/Fire      0%         6d3       100%        6
 Storm Form               Tmut/Air       0%         N/A       100%        7


Dungeon Overview and Level Annotations

Branches:
Dungeon (9/15)             Temple (1/1) D:7
   Lair: D:8-11         Orc: D:9-12

Altars:
Ashenzari
Cheibriados
Dithmenos
Fedhas
Gozag
Hepliaklqana
Kikubaaqudgha
Makhleb
Nemelex Xobeh
Okawaru
Qazlal
Ru
Sif Muna
Trog
Uskayaw
Vehumet
Wu Jian
Xom
Yredelemnul

Shops:
D:2 [   D:6 ?

Annotations:
D:5 1 runed translucent door, Crazy Yiuf


Innate Abilities, Weirdness & Mutations

You have a pair of small antennae on your head.
When hurt, damage is shared between your health and your magic reserves.
You regenerate magic rapidly.
When low on magic, you restore magic in place of health.
You have a sharp stinger which inflicts weakening toxins.
Your touch may inflict minor irresistible damage on your foes.


Message History

Unknown command.
You take 7 damage, and have 15/71 hp.
You now have 3/19 mp.
Unknown command.
The roots erupt in riotous growth!
Roots grab the vampire mosquito.
The grasping roots constrict the hog.
The grasping roots constrict the vampire mosquito.
The vampire mosquito bites you!
* * * LOW HITPOINT WARNING * * *
The vampire mosquito draws strength from your injuries!
The hog bites you but does no damage. The vampire mosquito misses you.
Unknown command.
You take 6 damage, and have 9/71 hp.
Unknown command.
Unknown command.
A centaur comes into view.
The grasping roots constrict the hog.
The grasping roots constrict the vampire mosquito.
The centaur shouts!
You lose your grip on the entropy weaver.
The hog changes into an entropy weaver!
The roots release their grip on the vampire mosquito.
The centaur wields a +2 shortbow of flaming.
It bursts into flame!
The centaur shoots an arrow.
The arrow barely misses you. The vampire mosquito barely misses you.
Unknown command.
Unknown command.
The vampire mosquito attacks as you move away!
The vampire mosquito bites you.
* * * LOW HITPOINT WARNING * * *
The vampire mosquito draws strength from your injuries!
You take 3 damage, and have 6/71 hp.
You now have 2/19 mp.
Unknown command.
Unknown command.
Unknown command.
The vampire mosquito attacks as you move away!
The vampire mosquito barely misses you.
The entropy weaver changes into a queen bee!
The vampire mosquito bites you!
You die...

## ###########
...##....<....#
..............#
..............#
.......)......#
..$.##)##########
...###[##..†....###
........@y.y†.......
.....##.#.).....?...
.>.. #.#V.....c....
... #.#.#####..?..
.. #...# .... .
#..c. ... #.... ..
#.... # #>


You could see a centaur warrior, a queen bee shaped shifter, a vampire, a
vampire mosquito and a centaur.

Vanquished Creatures
  Maggie (D:7)
  Psyche (D:9)
  A vampire (D:7)
  2 steam dragons
  Duvessa (D:5)
  2 black bears (D:6)
  A water moccasin (D:9)
  A sky beast (D:6)
  An orc warrior (D:8)
  2 ogres
  A centaur (D:5)
  3 phantoms
  A kobold brigand (D:8)
  A bullfrog (D:7)
  2 gnoll sergeants
  3 necrophages
  5 scorpions
  Dowan (D:5)
  9 killer bees
  5 howler monkeys
  6 hounds
  An orc priest (D:6)
  A jelly (D:5)
  A gnoll bouda (D:7)
  4 iguanas
  3 orc wizards
  9 gnolls
  9 adders
  A shadow imp (D:7)
  A white imp (D:7)
  2 ufetubi (D:5)
  2 worms (D:3)
  3 dart slugs
  10 orcs
  10 endoplasms
  4 giant cockroaches
  7 goblins
  10 hobgoblins
  8 jackals
  4 quokkas
  4 ball pythons
  5 bats
  2 frilled lizards
  9 kobolds
  10 rats
170 creatures vanquished.

Vanquished Creatures (others)
  3 fungi (D:5)
3 creatures vanquished.

Grand Total: 173 creatures vanquished

Notes
Turn   | Place    | Note
-------+----------+-------------------------------------------
     0 | D:1      | DEFE the Demonspawn Wanderer began the quest for the Orb.
     0 | D:1      | DEFE set off with the following items: a +1 short sword, a
                  | +2 scale mail, a potion of heal wounds.
     0 | D:1      | Reached XP level 1. HP: 19/19 MP: 1/1
   191 | D:1      | Gained mutation: You regenerate magic rapidly. [demonic
                  | ancestry]
   191 | D:1      | Reached XP level 2. HP: 22/25 MP: 2/2
   507 | D:1      | Gained mutation: When hurt, damage is shared between your
                  | health and your magic reserves. [demonic ancestry]
   507 | D:1      | Reached XP level 3. HP: 30/30 MP: 3/3
   960 | D:2      | Found Kunoemuc's Armour Boutique.
  1388 | D:2      | Discovered your monstrous ancestry.
  1388 | D:2      | Gained mutation: You have a small tail. [demonic ancestry]
  1388 | D:2      | Reached XP level 4. HP: 36/37 MP: 4/4
  1537 | D:2      | Reached skill level 1 in Unarmed Combat
  1679 | D:3      | Found a faded altar of an unknown god.
  1962 | D:3      | Noticed a scorpion
  1980 | D:3      | Killed a scorpion
  1981 | D:3      | Reached skill level 2 in Unarmed Combat
  1981 | D:3      | Gained mutation: You have a tail ending in a sharp stinger.
                  | [demonic ancestry]
  1981 | D:3      | Reached XP level 5. HP: 21/42 MP: 2/5
  2223 | D:3      | Reached skill level 3 in Unarmed Combat
  2752 | D:4      | Noticed a phantom
  2780 | D:4      | Killed a phantom
  2781 | D:4      | Reached skill level 4 in Unarmed Combat
  2781 | D:4      | Gained mutation: When low on magic, you restore magic in
                  | place of health. [demonic ancestry]
  2781 | D:4      | Reached XP level 6. HP: 31/48 MP: 4/6
  3012 | D:4      | Reached skill level 5 in Unarmed Combat
  3605 | D:5      | Entered Level 5 of the Dungeon
  3638 | D:5      | Gained mutation: Your touch may inflict minor irresistible
                  | damage on your foes. [demonic ancestry]
  3638 | D:5      | Reached XP level 7. HP: 7/54 MP: 5/7
  3643 | D:5      | HP: 2/54 [poisoned by a scorpion]
  3873 | D:5      | Reached skill level 6 in Unarmed Combat
  3985 | D:5      | Noticed Edmund
  3988 | D:5      | Edmund changed into Edmund the steam dragon
  3988 | D:5      | Noticed Edmund
  4099 | D:5      | Killed Edmund the steam dragon
  4492 | D:5      | Reached skill level 7 in Unarmed Combat
  4632 | D:5      | Noticed Duvessa
  4632 | D:5      | Noticed Dowan
  4874 | D:5      | Killed Duvessa
  4875 | D:5      | Gained mutation: You have a sharp stinger which inflicts
                  | weakening toxins. [demonic ancestry]
  4875 | D:5      | Reached XP level 8. HP: 49/60 MP: 5/8
  4876 | D:5      | Killed Dowan
  4895 | D:5      | Reached skill level 8 in Unarmed Combat
  5745 | D:5      | Found a runed translucent door.
  5746 | D:5      | Noticed Crazy Yiuf
  5854 | D:6      | Found a hide-covered altar of Uskayaw.
  6052 | D:6      | Reached skill level 9 in Unarmed Combat
  6174 | D:6      | Found Qavak's Magic Scroll Shop.
  6183 | D:6      | Bought a scroll of teleportation for 33 gold pieces
  6183 | D:6      | Bought a scroll of magic mapping for 82 gold pieces
  6183 | D:6      | Bought a scroll of fog for 44 gold pieces
  6323 | D:6      | Found a radiant altar of Vehumet.
  6324 | D:6      | Found a shimmering altar of Xom.
  6562 | D:6      | Reached skill level 10 in Unarmed Combat
  6572 | D:6      | Reached XP level 9. HP: 46/65 MP: 9/9
  6890 | D:6      | Found a snail-covered altar of Cheibriados.
  7055 | D:7      | Found a staircase to the Ecumenical Temple.
  7061 | Temple   | Entered the Ecumenical Temple
  7622 | D:7      | Noticed Maggie
  7651 | D:7      | Killed Maggie
  7652 | D:7      | Reached skill level 11 in Unarmed Combat
  7771 | D:7      | Identified the ring "Faul" {Will- rCorr MP+9 Int+8}
  9096 | D:8      | Reached skill level 1 in Evocations
  9178 | D:9      | Noticed Psyche
  9194 | D:9      | Killed Psyche
  9246 | D:9      | Noticed a six-headed hydra
  9248 | D:9      | Noticed a two-headed ogre
  9248 | D:9      | Noticed a tengu conjurer
  9392 | D:9      | Gained mutation: You have a pair of small antennae on your
                  | head. [demonic ancestry]
  9392 | D:9      | Reached XP level 10. HP: 69/71 MP: 10/10
  9422 | D:9      | Noticed a centaur warrior
  9431 | D:9      | a spriggan changed into a black mamba
  9431 | D:9      | Noticed a black mamba (shapeshifter)
  9435 | D:9      | a black mamba changed into a hog
  9447 | D:9      | a hog changed into an entropy weaver
  9447 | D:9      | Noticed an entropy weaver (shapeshifter)
  9449 | D:9      | an entropy weaver changed into a queen bee
  9449 | D:9      | Slain by a vampire mosquito

Illustrated notes

Levels and vault maps discovered:
D:1:      dpeg_arrival_another_circle, layout_basic
D:2:      layout_basic, basic_altar, serial_shops, nicolae_shop_stone,
          minmay_tromino_v2
D:3:      layout_rooms, hellmonk_ecumenical_altar_zigzags
D:4:      layout_basic
D:5:      layout_layer_cave, grunt_decor_junction, uniq_duvessa, uniq_edmund,
          uniq_crazy_yiuf_cottage
D:6:      minmay_spotlight, layout_basic, gammafunk_temple_overflow_pools,
          nicolae_uskayaw_murder_on_the_dancefloor, mainiacjoe_overflow_swirl,
          serial_shops, shop_statue, item_on_display_a
D:7:      layout_basic, tso_oasis_becter, minmay_temple_entry_fiery, uniq_maggie
D:8:      nicolae_cairo_tiling, layout_basic
D:9:      minmay_the_grid_net [minmay_the_grid_aliased_spiral,
          minmay_the_grid_minigrid_small, minmay_the_grid_square_x,
          minmay_the_grid_odd_star, minmay_the_grid_minigrid_medium,
          minmay_the_grid_prize_trominoes], layout_rooms, library_closet,
          kb_rosetta, uniq_psyche
Temple:   eino_temple_rhombus

Skill      XL: |  1  2  3  4  5  6  7  8  9 |
---------------+----------------------------+-----
Short Blades   | 3 4 |  4.4
Unarmed Combat | 2 4 5 7 10 11 | 11.8
Armour         | 4 |  4.3
Evocations     | 2 |  2.2
Fighting       | |  4.0
Dodging        | |  1.0

Action                     |  1- 3 |  4- 6 |  7- 9 | 10-12 || total
---------------------------+-------+-------+-------+-------++-------
  Melee: Short sword       |   218 |   180 |       |       ||   398
         Punch             |     3 |     3 |    10 |     1 ||    17
         Tailslap          |       |    39 |    54 |     1 ||    94
         Unarmed           |       |    47 |   315 |    23 ||   385
         Touch             |       |       |    64 |     5 ||    69
  Evoke: Wand              |       |       |     5 |     2 ||     7
    Use: Potion            |       |     1 |     6 |     5 ||    12
         Scroll            |       |     7 |     4 |     1 ||    12
 Armour: Scale mail        |   105 |    44 |       |       ||   149
         Chain mail        |       |    69 |   108 |       ||   177
         Leather armour    |       |       |     3 |       ||     3
         Swamp dragon scal |       |       |    46 |    23 ||    69
  Dodge: Dodged            |    72 |    57 |   106 |    23 ||   258

Table legend: (Time is in decaauts)
 A = Elapsed time spent in this place.
 B = Non-inter-level travel time spent in this place.
 C = Inter-level travel time spent in this place.
 D = Time resting spent in this place.
 E = Time spent auto-exploring this place.
 F = Levels seen in this place.
 G = Mean time per level.
                   A        B        C        D        E       F      G
               +--------+--------+--------+--------+--------+-----+--------+
         Total |   9299 |   8975 |    324 |   1783 |   5736 |  10 |  929.9 |
       Dungeon |   9100 |   8795 |    305 |   1783 |   5569 |   9 | 1011.1 |
        Temple |    198 |    179 |     19 |      0 |    167 |   1 |  198.0 |
               +--------+--------+--------+--------+--------+-----+--------+

Top non-repeatable levels by time:
     D:5: 2104 daAuts
     D:4: 1340 daAuts
     D:6: 1104 daAuts
     D:7: 1099 daAuts
     D:8: 1010 daAuts
     D:1: 935 daAuts
     D:2: 674 daAuts
     D:3: 661 daAuts
  Temple: 198 daAuts
     D:9: 169 daAuts
